 Dungeon Crawl Stone Soup version 0.32-a0-43-g058985b245 (webtiles) character file.

Game seed: 171573144583475642

19733 cforsyth the Warrior (level 13, -6/107 HPs)
             Began as a Djinni Warper on Feb 4, 2024.
             Was a High Priest of Ignis.
             Mangled by a cyclops (21 damage)
             ... on level 12 of the Dungeon.
             The game lasted 00:23:05 (14118 turns).

cforsyth the Warrior (Djinni Warper)               Turns: 14118, Time: 00:23:05

Health: -6/107     AC:  7    Str: 10    XL:     13   Next: 6%
Gold:   732        EV: 11    Int: 26    God:    Ignis [*****.] SH:  0 Dex: 13

rFire   + + +        t - +5 demon whip "Spellbinder" {antimagic, disrupt, Will+}
rCold   x . .        (no shield)
rNeg    . . .        L - +0 troll leather armour
rPois   ∞            m - +0 helmet
rElec   .            s - +0 cloak {Will+}
rCorr   +            O - +1 pair of gloves
SInv    .            (boots unavailable)
Will    +++..        P - amulet of regeneration
Stlth   +            w - ring of resist corrosion
HPRegen 1.97/turn    G - +6 ring of intelligence
MPRegen 0.00/turn

%: infuse magic (-7 HP)
@: about to teleport, flying
A: sickness immunity, fire resistance 2, cold vulnerability 1, float, innate
caster, HP casting, extra vitality 1
a: Renounce Religion, Fiery Armour, Foxfire Swarm, Rising Flame


You were on level 12 of the Dungeon.
You worshipped Ignis.
Ignis was extremely pleased with you.
You visited 1 branch of the dungeon, and saw 12 of its levels.
You also visited: Bailey.

You collected 732 gold pieces.

Inventory:

Hand Weapons
 t - the +5 demon whip "Spellbinder" (weapon) {antimagic, disrupt, Will+}
   (You found it on level 3 of the Dungeon)

   Will+:     It increases your willpower.
 J - the +1 dagger "Globulus" {pain, +Blink Will+ Str+8 Int-4}
   (You found it on level 8 of the Dungeon)

   Str+8:     It affects your strength (+8).
   Int-4:     It affects your intelligence (-4).
   Will+:     It increases your willpower.
   +Blink:    It lets you blink.
Missiles
 d - 6 darts of dispersal
 f - 15 poisoned darts
 q - 3 throwing nets
 y - 6 curare-tipped darts
 M - 4 atropa-tipped darts
Armour
 b - a +0 leather armour
 m - a +0 helmet (worn)
 s - a +0 cloak of willpower (worn)
 L - a +0 troll leather armour (worn)
 O - a +1 pair of gloves (worn)
Magical Staves
 e - a staff of conjuration
Jewellery
 w - a ring of resist corrosion (left hand)
 G - a +6 ring of intelligence (right hand)
 P - an amulet of regeneration (around neck)
Wands
 r - a wand of flame (38)
 F - a wand of charming (3)
 H - a wand of roots (26)
 I - a wand of light (5)
 N - a wand of digging (5)
Scrolls
 c - 3 scrolls of blinking
 h - 2 scrolls of enchant weapon
 i - 2 scrolls of fog
 l - 6 scrolls of teleportation
 n - 3 scrolls of immolation
 B - 2 scrolls of poison
Potions
 a - a potion of haste {unknown}
 g - 6 potions of attraction
 k - 2 potions of lignification
 o - 2 potions of curing
 u - 2 potions of might
 z - a potion of invisibility {unknown}
 A - 2 potions of heal wounds
 D - a potion of cancellation
 E - a potion of brilliance


   Skills:
 + Level 15.0 Fighting
 - Level 1.7 Long Blades
 - Level 0.7 Throwing
 - Level 1.0 Armour
 - Level 2.1 Dodging
 + Level 11.7 Spellcasting
 + Level 11.7 Conjurations
 + Level 11.7 Hexes
 + Level 11.7 Summonings
 + Level 11.7 Necromancy
 + Level 11.7 Translocations
 + Level 11.7 Fire Magic
 + Level 11.7 Ice Magic
 + Level 11.7 Air Magic
 + Level 11.7 Earth Magic
 + Level 11.7 Alchemy


You knew the following spells:

 Your Spells              Type           Power      Damage    Failure   Level
a - Blink                 Tloc           100%       N/A       1%          2
b - Lesser Beckoning      Tloc           100%       N/A       1%          2
c - Teleport Other        Tloc           66%        N/A       1%          3
d - Manifold Assault      Tloc           66%        N/A       1%          4
e - Vhi's Electric Charg  Tloc/Air       100%       N/A       1%          4
f - Summon Forest         Summ/Tloc      33%        N/A       1%          5
g - Call Imp              Summ           100%       N/A       1%          2
h - Stone Arrow           Conj/Erth      100%       3d13      1%          3
i - Tukima's Dance        Hex            66%        N/A       1%          3
j - Necrotise             Necr           100%       1d9       1%          1
k - Metabolic Englaciati  Hex/Ice        33%        N/A       1%          5
Your spell library was empty.

Dungeon Overview and Level Annotations

Branches:
Dungeon (12/15)            Temple (0/1) D:4            Lair (0/5) D:11
    Orc (0/2) D:10         Bailey (visited)

Altars:
Cheibriados
Dithmenos
Elyvilon
Fedhas
Gozag
Ru
Uskayaw
Xom
Ignis
Lugonu

Shops:
D:6 *

Annotations:
D:7 3 runed translucent doors, Echelon's ghost, novice HuFi


Innate Abilities, Weirdness & Mutations

You are immune to sickness and miasma.
You are immune to poison.
Your flesh is very heat resistant. (rF++)
You are vulnerable to cold. (rC-)
You float through the air rather than walking.
You learn spells naturally, not from books.
Your magical power is your life essence.
You have superior vitality. (+4 MHP)


Message History

The cyclops throws a large rock.
The large rock completely misses you.
Your surroundings suddenly seem different.
The basilisk gazes at you. You resist with almost no effort.
As you read the scroll of teleportation, it crumbles to dust.
You feel strangely unstable. The basilisk gazes at you.
You resist with almost no effort.
The orc knight shouts!
The orc knight unwields a +0 long sword.
The orc knight wields a +0 arbalest.
The orc knight shoots a bolt.
The bolt hits you! The basilisk gazes at you. You resist with almost no effort.
You hear a horrible gurgling sound!
The orc knight shoots a bolt.
The bolt completely misses you. The wraith hits you but does no damage.
Your surroundings seem slightly different.
A gargoyle and an orc warrior come into view.
The cyclops shouts!
The orc warrior shouts!
You hear a shout!
The gargoyle misses you. The basilisk gazes at you.
You resist with almost no effort.
As you read the scroll of teleportation, it crumbles to dust.
You feel strangely unstable. The gargoyle hits you with a +0 flail!
An orc priest comes into view. It is wielding a +0 falchion.
The orc priest shouts!
You hear a hideous shriek!
The gargoyle attacks as it pursues you! The gargoyle hits you with a +0 flail!
* * * LOW HITPOINT WARNING * * *
The wraith closely misses you.
The gargoyle hurls a stone arrow at you.
The stone arrow hits you!
* * * LOW HITPOINT WARNING * * *
The basilisk gazes at you. You resist with almost no effort.
A deep elf pyromancer comes into view. It is wielding a +0 long sword.
Space becomes stable.
The deep elf pyromancer shouts!
You hear a shout!
The cyclops hits you!!
You die...

#################################
.................................
...........W....C...........#
.............l9W@.W..!......#
.♣##..♣.♣...................# .#
#.........9o.............#
.#♣#...♣...........o........#
...H..........#.............#
....o.......................#
..(..e......................<
..♣..o##♣########e.........##
.....R♣ '.....


You could see a cyclops, a freezing wraith, a deep elf pyromancer, a basilisk, 2
wraiths, an orc warrior, 2 gargoyles and an orc priest.

Vanquished Creatures
  2 two-headed ogres
  A boulder beetle (D:8)
  2 centaur warriors
  Sonja (D:10)
  An ugly thing (D:10)
  4 cyclopes
  Maurice (D:7)
  2 unseen horrors (D:10)
  A komodo dragon (D:11)
  3 trolls
  Grinder (D:4)
  A hornet (D:9)
  Prince Ribbit (D:8)
  3 vampires
  3 wraiths
  2 shadows (D:10)
  12 yaks
  2 wyverns
  2 spriggans (Bailey)
  2 vampire mosquitoes
  Edmund (D:6)
  Menkaure (D:7)
  An acid dragon (D:11)
  A water moccasin (D:5)
  An orc warrior (D:9)
  A sky beast (D:7)
  A black bear (D:7)
  3 ogres
  6 centaurs
  A phantom (D:6)
  3 kobold brigands
  A bullfrog (D:6)
  3 gnoll sergeants
  4 scorpions
  5 wights (D:10)
  13 killer bees
  3 electric eels (D:10)
  2 howler monkeys (D:10)
  A spectral centaur (D:8)
  3 hounds
  A jelly (D:6)
  A bombardier beetle (D:5)
  Crazy Yiuf (D:3)
  2 gnoll boudas
  5 orc priests
  A sleepcap (D:5)
  7 orc wizards
  4 iguanas
  A centaur simulacrum (D:8)
  2 spectral howler monkeys (D:8)
  20 gnolls
  9 adders
  A shadow imp (D:5)
  A dart slug (D:3)
  4 ribbon worms
  27 orcs
  8 endoplasms
  4 giant cockroaches
  7 goblins
  4 hobgoblins
  5 jackals
  8 quokkas
  4 ball pythons
  3 bats (D:1)
  5 frilled lizards
  15 kobolds
  4 rats
256 creatures vanquished.

Vanquished Creatures (collateral kills)
  An ogre mage (D:12)
  A centaur warrior (D:11)
  A boulder beetle (D:10)
  An unseen horror (D:11)
  An efreet (D:12)
  4 spriggans (Bailey)
  A wraith (D:12)
  3 yaks
  A steam dragon (Bailey)
  4 ogres (Bailey)
  2 centaurs (D:10)
  A howler monkey (D:10)
  Jessica (D:2)
  2 orcs
  An endoplasm (D:3)
  3 goblins (D:9)
  A kobold (D:3)
29 creatures vanquished.

Vanquished Creatures (others)
  A snaplasher vine (D:11)
1 creature vanquished.

Grand Total: 286 creatures vanquished

Notes
Turn   | Place    | Note
-------+----------+-------------------------------------------
     0 | D:1      | cforsyth the Djinni Warper began the quest for the Orb.
     0 | D:1      | cforsyth set off with the following spells memorised:
                  | Blink, Lesser Beckoning, Teleport Other, Manifold Assault,
                  | Vhi's Electric Charge.
     0 | D:1      | Reached XP level 1. HP: 18/18 MP: 0/0
   129 | D:1      | Reached XP level 2. HP: 23/23 MP: 0/0
   392 | D:1      | Reached XP level 3. HP: 26/29 MP: 0/0
   392 | D:1      | Learned a level 1 spell: Necrotise
   875 | D:2      | Identified the +0 tower shield "Meingus" {Rampage rElec
                  | rF+}
   895 | D:2      | Reached skill level 3 in Fighting
   928 | D:2      | Noticed Jessica
   940 | D:2      | Killed Jessica
   941 | D:2      | Reached XP level 4. HP: 17/35 MP: 0/0
  1038 | D:2      | Found a white marble altar of Elyvilon.
  1821 | D:3      | Reached XP level 5. HP: 32/41 MP: 0/0
  1821 | D:3      | Learned a level 2 spell: Call Imp
  2224 | D:3      | Found a faded altar of an unknown god.
  2377 | D:3      | Prayed at the altar of an unknown god.
  2377 | D:3      | Became a worshipper of Ignis, the Dying Flame
  2481 | D:3      | Reached skill level 4 in Fighting
  2876 | D:3      | Found a runed translucent door.
  2876 | D:3      | Found the +5 demon whip "Spellbinder" {antimagic, disrupt,
                  | Will+}
  2877 | D:3      | Noticed Crazy Yiuf
  3016 | D:3      | Found a sacrificial altar of Ru.
  3190 | D:4      | Found an opulent altar of Gozag.
  3230 | D:4      | Noticed Grinder
  3289 | D:4      | Found a staircase to the Ecumenical Temple.
  3358 | D:4      | Paralysed by Grinder for 5 turns
  3383 | D:4      | Killed Grinder
  3384 | D:4      | Reached skill level 5 in Fighting
  3384 | D:4      | Reached XP level 6. HP: 29/49 MP: 0/0
  3384 | D:4      | Reached XP level 7. HP: 32/54 MP: 0/0
  3384 | D:4      | Learned a level 3 spell: Stone Arrow
  3817 | D:4      | Reached skill level 5 in Spellcasting
  3817 | D:4      | Reached skill level 5 in Conjurations
  3817 | D:4      | Reached skill level 5 in Hexes
  3817 | D:4      | Reached skill level 5 in Summonings
  3817 | D:4      | Reached skill level 5 in Necromancy
  3817 | D:4      | Reached skill level 5 in Translocations
  3817 | D:4      | Reached skill level 5 in Fire Magic
  3817 | D:4      | Reached skill level 5 in Ice Magic
  3817 | D:4      | Reached skill level 5 in Air Magic
  3817 | D:4      | Reached skill level 5 in Earth Magic
  3817 | D:4      | Reached skill level 5 in Alchemy
  4043 | D:3      | Killed Crazy Yiuf
  4202 | D:5      | Entered Level 5 of the Dungeon
  4206 | D:5      | Reached skill level 6 in Fighting
  4594 | D:5      | Reached XP level 8. HP: 46/61 MP: 0/0
  5432 | D:5      | Reached skill level 7 in Fighting
  6110 | D:6      | Reached XP level 9. HP: 64/70 MP: 0/0
  6110 | D:6      | Learned a level 3 spell: Tukima's Dance
  6181 | D:6      | Found a shimmering altar of Xom.
  6257 | D:6      | Noticed Edmund
  6264 | D:6      | Killed Edmund
  6265 | D:6      | Reached skill level 8 in Fighting
  6911 | D:6      | Found Moud's Overcharged Wands.
  7308 | D:7      | Found a snail-covered altar of Cheibriados.
  7394 | D:7      | Noticed Maurice
  7398 | D:7      | Killed Maurice
  7399 | D:7      | Reached skill level 9 in Fighting
  7532 | D:7      | Noticed Menkaure
  7535 | D:7      | Killed Menkaure
  7874 | D:7      | Found a runed translucent gate.
  7874 | D:7      | Found a runed translucent gate.
  7875 | D:7      | Found a runed translucent gate.
  7876 | D:7      | Noticed a spectral unseen horror
  7880 | D:7      | Noticed Echelon's ghost (novice HuFi)
  7880 | D:7      | Noticed a spectral unseen horror
  8338 | D:8      | Reached XP level 10. HP: 74/80 MP: 0/0
  8345 | D:8      | Reached skill level 10 in Fighting
  8461 | D:8      | Found a shadowy altar of Dithmenos.
  8526 | D:8      | Noticed a skeletal warrior
  9082 | D:8      | Noticed a boulder beetle
  9089 | D:8      | Killed a boulder beetle
  9275 | D:8      | Noticed Prince Ribbit
  9283 | D:8      | Killed Prince Ribbit
  9284 | D:8      | Reached skill level 11 in Fighting
  9444 | D:8      | Identified the +3 leather armour of Jisumo {MP+9 Str+7
                  | Int-5}
  9928 | D:8      | Identified the +1 dagger "Globulus" {pain, +Blink Will+
                  | Str+8 Int-4}
 10190 | D:9      | HP: 4/83 [orc priest/divine providence (10)]
 10221 | D:9      | Found a flagged portal.
 10381 | Bailey   | Entered a bailey
 10463 | Bailey   | Reached XP level 11. HP: 63/87 MP: 0/0
 10463 | Bailey   | Learned a level 5 spell: Summon Forest
 10605 | Bailey   | Noticed a two-headed ogre
 10609 | Bailey   | Killed a two-headed ogre
 10610 | Bailey   | Reached skill level 12 in Fighting
 10803 | D:9      | Noticed a two-headed ogre
 10807 | D:9      | Killed a two-headed ogre
 11099 | D:9      | Found a blossoming altar of Fedhas.
 11421 | D:9      | Reached skill level 10 in Spellcasting
 11421 | D:9      | Reached skill level 10 in Conjurations
 11421 | D:9      | Reached skill level 10 in Hexes
 11421 | D:9      | Reached skill level 10 in Summonings
 11421 | D:9      | Reached skill level 10 in Necromancy
 11421 | D:9      | Reached skill level 10 in Translocations
 11421 | D:9      | Reached skill level 10 in Fire Magic
 11421 | D:9      | Reached skill level 10 in Ice Magic
 11421 | D:9      | Reached skill level 10 in Air Magic
 11421 | D:9      | Reached skill level 10 in Earth Magic
 11421 | D:9      | Reached skill level 10 in Alchemy
 11731 | D:10     | Entered Level 10 of the Dungeon
 11739 | D:10     | Found a staircase to the Orcish Mines.
 11742 | D:10     | Noticed Sonja
 11753 | D:10     | Killed Sonja
 11754 | D:10     | Reached skill level 13 in Fighting
 11784 | D:10     | Identified the +1 scale mail "Tinon" {rCorr Str+2 Dex+3}
 12087 | D:10     | Found a runed translucent door.
 12261 | D:10     | Found a runed translucent door.
 12324 | D:10     | Reached XP level 12. HP: 92/98 MP: 0/0
 12988 | D:10     | Noticed a centaur warrior
 12992 | D:10     | Killed a centaur warrior
 13094 | D:10     | Noticed a boulder beetle
 13098 | D:10     | Reached skill level 14 in Fighting
 13107 | D:10     | Killed a boulder beetle
 13411 | D:11     | Noticed a centaur warrior
 13418 | D:11     | Killed a centaur warrior
 13692 | D:11     | Found a hide-covered altar of Uskayaw.
 13714 | D:11     | Found a staircase to the Lair.
 14048 | D:12     | Found a corrupted altar of Lugonu.
 14082 | D:12     | Noticed an ogre mage
 14085 | D:12     | Noticed a centaur warrior
 14096 | D:12     | Killed a centaur warrior
 14098 | D:12     | Reached XP level 13. HP: 49/106 MP: 0/0
 14098 | D:12     | Learned a level 5 spell: Metabolic Englaciation
 14099 | D:12     | Noticed a green very ugly thing
 14101 | D:12     | Killed an ogre mage
 14101 | D:12     | Identified the +7 rapier of Accord {pain, Fly}
 14102 | D:12     | Reached skill level 15 in Fighting
 14118 | D:12     | Mangled by a cyclops

Illustrated notes

Levels and vault maps discovered:
D:1:      wander_arrival_estate, layout_loops_ring, serial_bayou,
          serial_bayou_pond_a, serial_bayou_shore_b, serial_bayou_ford_a,
          serial_bayou_pond_b, serial_bayou_pond_c
D:2:      layout_basic, basic_altar, uniq_jessica
D:3:      layout_rooms, marbit_many_paths, hellmonk_ecumenical_altar_run_dry,
          minmay_misc_feat_secret_circle, serial_bayou_lagoon_a, st_stairs_4,
          uniq_crazy_yiuf_cottage
D:4:      layout_rooms, grunt_gozag_breadcrumbs,
          minmay_temple_entry_enclosed_plants, ebering_dispersal_statue_hall,
          interstate_on_off, uniq_grinder
D:5:      minmay_chambers_of_fours, layout_rooms, kennysheep_decorative_pillar,
          minmay_misc_feat_iff
D:6:      layout_cave_pods, regret_index_xom_buried_treasure,
          nicolae_shop_overcharged_wands, uniq_edmund
D:7:      layout_loops_ring, kennysheep_little_box, gammafunk_ghost_necromancy,
          uniq_maurice, uniq_menkaure
D:8:      layout_loops_ring, mainiacjoe_overflow_alcove_2,
          mainiacjoe_overflow_chevrons, corner_web_ring, st_stairs_11,
          dilly_guarded_unrand_morg, uniq_prince_ribbit1
D:9:      layout_loops_corners, mainiacjoe_overflow_alcove_4,
          general_overflow_altar, enter_bailey_3
D:10:     cheibrodos_histonic, layout_basic, uniq_sonja
D:11:     layout_irregular_city, david_lair_shrubbed,
          eat_drink_and_be_merry_uskayaw
D:12:     minmay_the_grid_square_5x5_4x4_mashed
          [minmay_the_grid_square_5x5_bracketed,
          minmay_the_grid_square_5x5_dogpile,
          minmay_the_grid_square_5x5_three_small,
          minmay_the_grid_square_5x5_eight_small,
          minmay_the_grid_square_5x5_inner_i,
          minmay_the_grid_square_5x5_prize_open,
          minmay_the_grid_square_5x5_prize_junk,
          minmay_the_grid_square_5x5_plus, minmay_the_grid_square_5x5_eight,
          minmay_the_grid_square_5x5_prize_open,
          minmay_the_grid_square_5x5_prize_snowflake,
          minmay_the_grid_square_5x5_tri_point,
          minmay_the_grid_square_5x5_spiral,
          minmay_the_grid_square_5x5_tetrominoes,
          minmay_the_grid_square_5x5_checkered,
          minmay_the_grid_square_5x5_seven], layout_stronghold, serial_shops,
          kennysheep_mini_moat, gauntlet_entry_generic, tgw_lugonu_bribe

Skill      XL: |  1  2  3  4  5  6  7  8  9 10 11 12 13 |
---------------+----------------------------------------+-----
Spellcasting   | 3 4 5 6 7 9 10 11 | 11.7
Conjurations   | 3 4 5 6 7 9 10 11 | 11.7
Hexes          | 3 4 5 6 7 9 10 11 | 11.7
Summonings     | 3 4 5 6 7 9 10 11 | 11.7
Necromancy     | 3 4 5 6 7 9 10 11 | 11.7
Translocations | 3 4 5 6 7 9 10 11 | 11.7
Fire Magic     | 3 4 5 6 7 9 10 11 | 11.7
Ice Magic      | 3 4 5 6 7 9 10 11 | 11.7
Air Magic      | 3 4 5 6 7 9 10 11 | 11.7
Earth Magic    | 3 4 5 6 7 9 10 11 | 11.7
Alchemy        | 3 4 5 6 7 9 10 11 | 11.7
Fighting       | 3 5 6 7 9 11 13 14 15 | 15.0
Long Blades    | |  1.7
Throwing       | |  0.7
Armour         | |  1.0
Dodging        | |  2.1

Action                     |  1- 3 |  4- 6 |  7- 9 | 10-12 | 13-15 || total
---------------------------+-------+-------+-------+-------+-------++-------
  Melee: Falchion          |    65 |    57 |       |       |       ||   122
         Punch             |     1 |       |       |       |       ||     1
         Demon whip        |       |       |    20 |     6 |       ||    26
  Throw: Dart              |     1 |       |       |       |       ||     1
   Cast: Necrotise         |    39 |    86 |       |       |       ||   125
         Call Imp          |       |     1 |     7 |     4 |       ||    12
         Stone Arrow       |       |       |   131 |   251 |       ||   382
         Blink             |       |       |     1 |     1 |       ||     2
         Lesser Beckoning  |       |       |     2 |     6 |       ||     8
         Tukima's Dance    |       |       |       |     2 |       ||     2
         Summon Forest     |       |       |       |     9 |       ||     9
    Use: Potion            |       |     3 |       |     3 |       ||     6
         Scroll            |       |       |       |    18 |     5 ||    23
 Armour: Leather armour    |    57 |    54 |    46 |    30 |       ||   187
         Skin              |       |     6 |       |       |       ||     6
         Troll leather arm |       |       |       |   120 |     8 ||   128
  Dodge: Dodged            |    50 |    58 |    36 |    51 |     6 ||   201

Table legend: (Time is in decaauts)
 A = Elapsed time spent in this place.
 B = Non-inter-level travel time spent in this place.
 C = Inter-level travel time spent in this place.
 D = Time resting spent in this place.
 E = Time spent auto-exploring this place.
 F = Levels seen in this place.
 G = Mean time per level.
                   A        B        C        D        E       F      G
               +--------+--------+--------+--------+--------+-----+--------+
         Total |  14152 |  13661 |    491 |   1261 |  10228 |  13 | 1088.6 |
       Dungeon |  13745 |  13254 |    491 |   1241 |   9942 |  12 | 1145.4 |
        Bailey |    406 |    406 |      0 |     20 |    286 |   1 |  406.0 |
               +--------+--------+--------+--------+--------+-----+--------+

Top non-repeatable levels by time:
     D:8: 1684 daAuts
     D:5: 1633 daAuts
    D:10: 1436 daAuts
     D:2: 1420 daAuts
     D:9: 1326 daAuts
     D:3: 1320 daAuts
     D:6: 1209 daAuts
     D:7: 1087 daAuts
     D:4: 923 daAuts
     D:1: 824 daAuts
    D:11: 800 daAuts
  Bailey: 406 daAuts
    D:12: 77 daAuts
